 Dungeon Crawl Stone Soup version 0.31-a0-819-gf6de2f5ab6 (webtiles) character file.

Game seed: 4058783131139448305

3602 Kurtz the Cleaver (level 10, -9/63 HPs)
             Began as an Octopode Fighter on Sept 25, 2023.
             Was an Initiate of Gozag.
             Mangled by an orc warrior
             ... wielding a +0 glaive
              (21 damage)
             ... in a bailey.
             The game lasted 00:09:09 (6725 turns).

Kurtz the Cleaver (Octopode Fighter)                Turns: 6725, Time: 00:09:11

Health: -9/63      AC:  5    Str: 17    XL:     10   Next: 10%
Magic:  19/19      EV: 13    Int: 10    God:    Gozag
Gold:   201        SH:  5    Dex: 15    Spells: 9/9 levels left

rFire   . . .        y - +2 flail (protect)
rCold   . . .        b - +0 buckler
rNeg    . . .        (helmet restricted)
rPois   .            (no amulet)
rElec   .            f - ring of magical power
rCorr   .            u - +4 ring of protection
SInv    .            C - +4 ring of slaying
Will    .....        (no ring)
Stlth   ++           (no ring)
HPRegen 0.30/turn    (no ring)
MPRegen 0.16/turn    (no ring)
                     (no ring)

%: no passive effects
@: no status effects
A: almost no armour, amphibious, 8 rings, camouflage 1, gelatinous body 1,
(nimble swimmer 1), tentacles
a: Renounce Religion, Potion Petition, Call Merchant, Bribe Branch


You were in a bailey.
You worshipped Gozag.
Gozag was aware of your devotion.
You visited 2 branches of the dungeon, and saw 9 of its levels.
You also visited: Bailey.

You collected 900 gold pieces.
You spent 331 gold pieces at shops.
You paid 368 gold pieces to Gozag.

Inventory:

Hand Weapons
 a - a +0 war axe
 p - a +6 whip
 w - a +0 whip of electrocution
 y - a +2 flail of protection (weapon)
Missiles
 i - 12 poisoned darts (quivered)
 D - a curare-tipped dart
Armour
 b - a +0 buckler (worn)
Jewellery
 f - a ring of magical power (left tentacle)
 u - a +4 ring of protection (right tentacle)
 C - a +4 ring of slaying (on tentacle)
Wands
 n - a wand of charming (6)
 x - a wand of light (5)
 E - a wand of mindburst (7)
Scrolls
 d - 3 scrolls of identify
 g - 3 scrolls of enchant armour
 h - 2 scrolls of fog
 j - 3 scrolls of teleportation
 k - a scroll of acquirement {unknown}
 l - a scroll of poison
 o - a scroll of fear {unknown}
 q - a scroll of vulnerability {unknown}
 t - 2 scrolls of noise {unknown}
 v - 3 scrolls of enchant weapon {unknown}
 A - 2 scrolls of blinking {unknown}
Potions
 c - a potion of might
 e - 2 potions of lignification
 m - a potion of cancellation
 r - 2 potions of magic
 s - 2 potions of curing
 z - a potion of invisibility {unknown}
 B - a potion of brilliance {unknown}
 F - 6 potions of heal wounds
 G - a potion of experience
 H - a potion of haste


   Skills:
 - Level 3.0 Fighting
 * Level 14.1 Axes
 - Level 3.0 Dodging
 - Level 3.0 Shields


You had 9 spell levels left.
You didn't know any spells.
Your spell library contained the following spells:

 Spells                   Type           Power      Damage    Failure   Level
 Kiss of Death            Conj/Necr      0%         2d5       43%         1
 Summon Small Mammal      Summ           0%         N/A       43%         1
 Call Canine Familiar     Summ           0%         N/A       82%         3
 Confusing Touch          Hex            0%         N/A       82%         3
 Summon Guardian Golem    Hex/Summ       0%         N/A       82%         3
 Dispel Undead            Necr           0%         3d6       99%         4


Dungeon Overview and Level Annotations

Branches:
Dungeon (8/15)             Temple (1/1) D:5          Bailey (1/1)
   Lair: D:8-11

Altars:
Ashenzari
Cheibriados
Dithmenos
Fedhas
Gozag
Makhleb
Nemelex Xobeh
Okawaru
Qazlal
Ru
Sif Muna
Trog
Uskayaw
Wu Jian
Xom
Yredelemnul
Zin
The Shining One

Shops:
D:5 [*?(

Annotations:
D:7 1 runed translucent door, exclusion: downstairs, ratmeat3's ghost, novice TrFi


Innate Abilities, Weirdness & Mutations

You cannot wear most types of armour.
You are amphibious.
You can wear up to eight rings at the same time.
Your skin changes colour to match your surroundings (Stealth+).
Your rubbery body absorbs attacks. (AC +1, EV +1)
((You are camouflaged when in or above water. (Stealth+)))
You have tentacles for arms and can constrict up to eight enemies at once.


Message History

Things that are here:
4 gold pieces; a +0 spear; a +0 ring mail
There is an open door, spattered with blood here.
Things that are here:
17 gold pieces; a +0 war axe; a +0 hand axe
Items here: )) [[.
You see here 10 gold pieces.
You see here 26 gold pieces.
There is an open door here.
Aiming: Charm
Press: ? - help, Shift-Dir - straight line, f - orc warrior
Aim: an orc warrior, wielding a +0 glaive and wearing a +0 scale mail (chance to affect: 49%)
The orc warrior resists with some effort.
Aiming: Charm
Press: ? - help, Shift-Dir - straight line, f/p - orc warrior
Aim: an orc warrior, wielding a +0 glaive and wearing a +0 scale mail (chance to affect: 49%)
The orc warrior resists with some effort.
The orc warrior closely misses you.
Aiming: Charm
Press: ? - help, Shift-Dir - straight line, f/p - orc warrior
Aim: an orc warrior, wielding a +0 glaive and wearing a +0 scale mail (chance to affect: 49%)
The orc warrior resists with some effort.
The orc warrior closely misses you.
Aiming: Charm
Press: ? - help, Shift-Dir - straight line, f/p - orc warrior
Aim: an orc warrior, wielding a +0 glaive and wearing a +0 scale mail (chance to affect: 49%)
The orc warrior is charmed.
The orc warrior closely misses you. What are your orders? t - Shout!
Orders for allies: a - Attack new target. p - Attack previous target. r - Retreat! s - Stop attacking. g - Guard the area. f - Follow me.
Anything else - Cancel.
Gang up on whom?
Press: ? - help, Dir - move target, f - orc warrior, p - orc warrior
Aim: an orc warrior, wielding a +0 glaive and wearing a +0 scale mail Attack!
The orc warrior hits you from afar with a +0 glaive!!
You die...
Your body crumbles into a pile of gold.

############ #######
##.∩....$).$## ##.....##
#......#$)...######.......#
#.....###$)$.#...$#$.##...$
#∩.....8..).o'.$$)$$.8$...'
#.....###.@o.#.o$.#$.##...'
#......#.$$..######...)...#
##.∩........## ##...(.##
############ #######


You could see an orc warrior (ally target) and a friendly orc warrior (charmed).

Vanquished Creatures
  Joseph (D:7)
  Maggie (D:6)
  Eustachio (D:4)
  Duvessa (D:7)
  6 orc warriors
  2 sky beasts
  A black bear (D:4)
  A phantom (D:6)
  5 centaurs
  2 kobold brigands (D:7)
  2 bullfrogs (D:7)
  2 gnoll sergeants (D:6)
  3 scorpions
  Dowan (D:7)
  A howler monkey (D:5)
  A jelly (D:6)
  5 hounds
  A gnoll bouda (D:6)
  3 orc priests
  A sleepcap (D:7)
  2 iguanas
  An orc wizard (D:7)
  A killer bee zombie (D:8)
  11 gnolls (D:6)
  6 adders
  An ufetubus (D:5)
  A dart slug (D:4)
  32 orcs
  6 endoplasms
  3 giant cockroaches
  9 goblins
  A hobgoblin (D:1)
  6 jackals (D:1)
  13 kobolds
  A quokka (D:4)
  4 ball pythons
  5 bats
  2 rats
146 creatures vanquished.

Vanquished Creatures (collateral kills)
  An orc warrior (Bailey)
  An orc (Bailey)
2 creatures vanquished.

Grand Total: 148 creatures vanquished

Notes
Turn   | Place    | Note
-------+----------+-------------------------------------------
     0 | D:1      | Kurtz the Octopode Fighter began the quest for the Orb.
     0 | D:1      | Reached XP level 1. HP: 16/16 MP: 1/1
   184 | D:1      | Reached XP level 2. HP: 8/21 MP: 2/2
   499 | D:1      | Reached skill level 3 in Axes
   912 | D:2      | Reached XP level 3. HP: 26/26 MP: 3/3
  1295 | D:2      | Found a broken altar of Ashenzari.
  1501 | D:3      | Found a faded altar of an unknown god.
  1883 | D:3      | Reached skill level 4 in Axes
  2156 | D:4      | Reached XP level 4. HP: 31/31 MP: 4/4
  2399 | D:4      | Noticed a black bear
  2403 | D:4      | Killed a black bear
  2404 | D:4      | Reached skill level 5 in Axes
  2404 | D:4      | Reached XP level 5. HP: 30/36 MP: 5/5
  2450 | D:4      | Noticed Eustachio
  2464 | D:4      | Killed Eustachio
  2465 | D:4      | Reached skill level 6 in Axes
  2465 | D:4      | Reached XP level 6. HP: 17/42 MP: 6/6
  2564 | D:4      | Found a sacrificial altar of Ru.
  2909 | D:4      | Reached skill level 7 in Axes
  3107 | D:5      | Entered Level 5 of the Dungeon
  3108 | D:5      | Found a shadowy altar of Dithmenos.
  3122 | D:5      | Found Juiclapn's Armour Emporium.
  3176 | D:5      | Reached XP level 7. HP: 40/46 MP: 7/7
  3215 | D:5      | Found Ykkeligg's Magic Scroll Emporium.
  3223 | D:5      | Bought a scroll of enchant armour for 75 gold pieces
  3223 | D:5      | Bought a scroll of identify for 20 gold pieces
  3292 | D:5      | Reached skill level 8 in Axes
  3296 | D:5      | Found a staircase to the Ecumenical Temple.
  3301 | D:5      | Found Xuhoituv's General Store.
  3308 | Temple   | Entered the Ecumenical Temple
  3367 | Temple   | Became a worshipper of Gozag Ym Sagoz the Greedy
  3447 | D:5      | Bought a scroll of teleportation for 42 gold pieces
  3554 | D:5      | Found Qeutigil's Weapon Shoppe.
  3970 | D:6      | Reached skill level 9 in Axes
  3970 | D:6      | Reached XP level 8. HP: 48/52 MP: 8/8
  4521 | D:6      | Found a bloodstained altar of Trog.
  4615 | D:5      | Bought a +2 flail of protection for 194 gold pieces
  4694 | D:6      | Reached skill level 10 in Axes
  4728 | D:6      | Found a blossoming altar of Fedhas.
  4816 | D:6      | Found a snail-covered altar of Cheibriados.
  4818 | D:6      | Found a stormy altar of Qazlal.
  4818 | D:6      | Found a burning altar of Makhleb.
  4822 | D:6      | Found an iron altar of Okawaru.
  5180 | D:6      | Noticed Maggie
  5189 | D:6      | Killed Maggie
  5190 | D:6      | Reached skill level 11 in Axes
  5190 | D:6      | Reached XP level 9. HP: 51/56 MP: 9/9
  5493 | D:7      | Noticed Joseph
  5493 | D:7      | Found a shimmering blue altar of Sif Muna.
  5508 | D:7      | Killed Joseph
  5510 | D:7      | Reached skill level 12 in Axes
  5807 | D:7      | Reached skill level 13 in Axes
  5872 | D:7      | Noticed Duvessa
  5873 | D:7      | Noticed Dowan
  6036 | D:7      | Found a glowing silver altar of Zin.
  6057 | D:7      | Killed Duvessa
  6063 | D:7      | Killed Dowan
  6294 | D:7      | Found a runed translucent door.
  6294 | D:7      | Noticed ratmeat3's ghost (novice TrFi)
  6319 | D:7      | Found a sparkling altar of Nemelex Xobeh.
  6398 | D:8      | Noticed a two-headed ogre
  6433 | D:8      | Found a flagged portal.
  6497 | Bailey   | Entered a bailey
  6548 | Bailey   | Reached XP level 10. HP: 35/63 MP: 10/10
  6687 | Bailey   | Reached skill level 14 in Axes
  6725 | Bailey   | Mangled by an orc warrior

Illustrated notes

Levels and vault maps discovered:
D:1:      orjb1_lava_funnel, layout_basic, due_unseen_surprise
D:2:      layout_basic, basic_altar
D:3:      layout_loops_ring, hellmonk_ecumenical_altar_crossroads
D:4:      layout_loops_ring, nicolae_overflow_crystal_walls,
          grunt_decor_junction, uniq_eustachio
D:5:      layout_cave_pools, mainiacjoe_overflow_cross_hatched,
          minmay_temple_entry_sparse_star, serial_shops, shop, shop_statue,
          nicolae_square_shop, nicolae_shop_tiny_glass
D:6:      layout_loops_ring, lightli_temple_of_fire, fedhas_altar_fruit_tree,
          minitemple, uniq_maggie
D:7:      layout_rooms, nicolae_sif_muna_condensation,
          overflow_temple_1_default, nemelex_xobeh_ov_fountains_minmay,
          hellmonk_ghost_happy_afterlife, st_stairs_14,
          minmay_unpleasant_kobolds, uniq_joseph, uniq_duvessa
D:8:      layout_rooms, nicolae_kikubaaqudgha_miasma_corner, lemuel_round_altar,
          enter_bailey_2, serial_undead, serial_undead_d, serial_undead_c,
          serial_undead_e, serial_undead_e, serial_undead_c, serial_undead_f,
          grunt_decor_arrowhead, uniq_erica
Temple:   nicolae_temple_great_sept
Bailey:   bailey_polearm_5, bailey

Skill      XL: |  1  2  3  4  5  6  7  8  9 10 |
---------------+-------------------------------+-----
Axes           | 3 4 5 6 7 9 11 13 14 | 14.1
Fighting       | |  3.0
Dodging        | |  3.0
Shields        | |  3.0

Action                     |  1- 3 |  4- 6 |  7- 9 | 10-12 || total
---------------------------+-------+-------+-------+-------++-------
  Melee: War axe           |    67 |    26 |       |       ||    93
         Constrict         |    16 |    14 |    41 |     3 ||    74
         Tentacles         |     9 |    15 |    47 |     5 ||    76
         Whip              |       |    27 |    81 |       ||   108
         Punch             |       |     1 |     6 |       ||     7
         Flail             |       |       |   131 |    15 ||   146
  Throw: Dart              |       |       |    13 |     3 ||    16
         Throwing net      |       |       |     2 |       ||     2
 Invoke: Potion Petition   |       |       |     1 |       ||     1
  Evoke: Wand              |       |       |    10 |     5 ||    15
    Use: Potion            |       |       |    11 |       ||    11
         Scroll            |       |       |     4 |       ||     4
   Stab: Sleeping          |     5 |     3 |     1 |       ||     9
         Distracted        |       |       |     3 |       ||     3
         Invisible         |       |       |     1 |     1 ||     2
 Armour: Skin              |    25 |    21 |   144 |     8 ||   198
  Dodge: Dodged            |    33 |    16 |   128 |    17 ||   194
  Block: Buckler           |    16 |     7 |    63 |     2 ||    88

Table legend: (Time is in decaauts)
 A = Elapsed time spent in this place.
 B = Non-inter-level travel time spent in this place.
 C = Inter-level travel time spent in this place.
 D = Time resting spent in this place.
 E = Time spent auto-exploring this place.
 F = Levels seen in this place.
 G = Mean time per level.
                   A        B        C        D        E       F      G
               +--------+--------+--------+--------+--------+-----+--------+
         Total |   6757 |   6206 |    551 |   1104 |   3862 |  10 |  675.7 |
       Dungeon |   6460 |   5928 |    532 |   1040 |   3820 |   8 |  807.5 |
        Temple |     69 |     50 |     19 |      0 |     38 |   1 |   69.0 |
        Bailey |    227 |    227 |      0 |     64 |      4 |   1 |  227.0 |
               +--------+--------+--------+--------+--------+-----+--------+

Top non-repeatable levels by time:
     D:6: 1452 daAuts
     D:4: 1019 daAuts
     D:2: 879 daAuts
     D:5: 874 daAuts
     D:7: 854 daAuts
     D:3: 664 daAuts
     D:1: 631 daAuts
  Bailey: 227 daAuts
     D:8: 83 daAuts
  Temple: 69 daAuts
